Map: Lock & Load

Players

NamroodTuo

  • Race: Terran Terran

MaxiKiing

  • Race: Zerg Zerg

VOD

Have the link to the VOD?

Description

Time

  • Played on: June 9, 2023, 11:31 a.m.
  • Length: 29:13
Show
View Real Time Build Order
Export as new Build Order

NamroodTuo Terran 

Build Orders:  

Get SALT Encoding   

  12  0:03  SCV  
  13  0:20  SCV  
  14  0:37  SCV  
  15  0:50  Refinery  
  15  0:54  SCV, Refinery  
  16  1:13  SCV  
  17  1:22  Engineering Bay  
  17  1:29  Engineering Bay  
  17  1:30  SCV  
  18  1:47  SCV  
  19  2:11  SCV  
  19  2:16  Outlaw Weapons Level 1  
  20  2:24  Outlaw Life and Armor Level 1  
  20  2:48  Command Center  
  20  2:53  SCV  
  21  3:01  Tychus  
  21  3:13  SCV  
  22  3:30  SCV  
  22  3:33  Gunslingers Hideout  
  23  3:47  SCV  
  24  4:04  SCV  
  25  4:15  ITC-E Triggers  
  25  4:32  James Sirius Sykes  
  35  4:57  Command Center  
  35  5:48  Outlaw Weapons Level 2  
  35  5:50  Outlaw Life and Armor Level 2  
  35  5:53  SCV  
  35  5:56  SCV  
  37  6:10  SCV  
  37  6:13  SCV  
  39  6:24  Refinery  
  39  6:27  SCV  
  40  6:30  SCV, Refinery  
  41  6:44  SCV  
  41  6:47  SCV  
  43  7:01  SCV  
  43  7:04  SCV  
  43  7:05  Muscle Armory  
  45  7:18  SCV  
  46  7:21  SCV  
  47  7:35  SCV  
  47  7:38  SCV  
  49  7:55  SCV  
  50  8:08  Endurance Supplements  
  50  8:27  Fixers Safehouse  
  50  8:30  Kev Rattlesnake West  
  60  10:19  Vega  
  70  10:49  SCV  
  71  11:06  SCV  
  71  11:07  SA-55 Thunderbolt Missiles  
  71  11:08  D99 Detonator, Moebius M34 Terror Rounds  
  72  11:23  SCV  
  71  11:40  SCV  
  74  11:56  SCV  
  75  12:20  Rob Cannonball Boswell  
  83  13:26  SCV  
  84  13:35  Neural Disruption Device, Moebius Psionic Motivator  
  84  13:36  Psi Projector  
  84  13:43  SCV  
  85  14:00  SCV  
  86  16:44  Outlaw Weapons Level 3  
  86  16:46  Outlaw Life and Armor Level 3  
  86  16:51  Type-88 Persuader  
  86  16:54  Kel-Morian Ripper Rounds  
  67  18:01  SCV  
  68  18:15  Medivac Platform  
  68  18:18  SCV  
  68  18:19  Medivac Platform  
  69  18:52  Command Center  
  69  18:56  Auto-Turret  
  69  19:24  Auto-Turret, Big Red Button, Umojan Turret Frame  
  69  19:26  Flashforce GDM Visor  
  69  19:34  X-71 Impact Boots  
  69  19:51  Auto-Turret  
  69  20:46  SCV  
  70  20:54  Outlaw Weapons Level 4  
  70  20:56  Outlaw Life and Armor Level 4  
  70  21:03  SCV  
  71  21:20  SCV  
  72  21:37  SCV  
  73  21:54  SCV  
  54  24:16  Outlaw Weapons Level 5  
  54  24:17  Outlaw Life and Armor Level 5  
  54  24:19  Vanadium Shell, KD9a Implosion Core  
  73  26:13  SureShot Networked Helmet  
  73  26:18  Critical Response System  
Show
View Real Time Build Order
Export as new Build Order

MaxiKiing Zerg 

Build Orders:  

Get SALT Encoding   

  12  0:03  Drone  
  13  0:11  Drone  
  14  0:40  Extractor  
  14  0:42  Extractor, Drone  
  14  0:43  Drone  
  14  0:47  Overlord  
  14  0:48  Overlord  
  14  1:14  Drone x2  
  14  1:15  Drone  
  14  1:19  Drone x3  
  20  1:44  Spawning Tool  
  20  1:47  Drone x2  
  21  1:50  Drone  
  22  2:03  Drone  
  22  2:06  Drone  
  24  2:18  Overlord  
  24  2:30  Drone  
  24  2:32  Drone  
  26  2:58  Evolution Chamber  
  26  2:59  Drone x3  
  28  3:11  Overlord  
  28  3:41  Pneumatized Carapace  
  28  3:48  Hydralisk Den  
  27  3:53  Infestation Pit  
  27  3:56  Drone  
  27  3:58  Drone  
  28  4:04  Hatchery  
  27  4:17  Overlord  
  27  4:18  Overlord x2  
  27  4:59  Muscular Augments  
  27  5:19  Zerg Melee Weapons Level 1  
  27  5:59  Erudition Missile Launchers  
  27  6:01  Drone x4  
  27  6:02  Drone x8  
  39  6:19  Overlord  
  39  6:23  Overlord  
  39  6:32  Extractor  
  39  6:35  Extractor  
  37  7:12  Hatchery  
  36  7:21  Hatchery  
  35  7:33  Hydralisk  
  35  7:34  Hydralisk  
  35  7:35  Hydralisk  
  41  7:59  Zerg Missile Weapons Level 1  
  41  8:19  Hydralisk  
  43  8:20  Hydralisk x5  
  53  9:49  Drone x3  
  52  9:51  Drone x2  
  52  9:52  Drone  
  52  9:55  Drone x5  
  52  9:56  Drone x3  
  52  9:57  Drone x2  
  51  10:25  Overlord  
  51  10:26  Overlord x11  
  51  10:27  Overlord  
  51  10:39  Zerg Ground Armor Level 1  
  51  11:42  Super Gary  
  51  12:02  Hydralisk  
  51  12:03  Hydralisk x8  
  51  12:04  Hydralisk x6  
  77  13:08  Hydralisk  
  77  13:09  Hydralisk x9  
  87  13:19  Zerg Melee Weapons Level 2  
  83  13:43  Extractor  
  83  13:45  Drone  
  83  13:48  Hydralisk  
  83  13:49  Hydralisk x3  
  91  13:50  Hydralisk  
  93  16:29  Zerg Missile Weapons Level 2  
  93  17:24  Hydralisk x2  
  93  17:25  Hydralisk x15  
  93  17:26  Hydralisk x7  
  129  17:52  Hydralisk  
  129  17:53  Hydralisk x8  
  115  20:41  Hydralisk x4  
  115  20:42  Hydralisk x20  
  163  21:21  Hydralisk  
  163  21:22  Hydralisk x11  
  185  22:35  Hydralisk x2  
  185  22:36  Hydralisk x5  
  151  25:25  Hydralisk x5  
  151  25:26  Hydralisk x17  
  151  25:27  Hydralisk x2  
  129  26:33  Hydralisk  
  129  26:34  Hydralisk x10  
  129  26:35  Hydralisk x6  
  139  28:24  Hydralisk x5  
  139  28:25  Hydralisk x12  
Tags
 
Matchup
Co-op
Replay Pack
Multiplayer
Add a new tag
Caveats
  • Supply blocks, unpowered buildings, or Contaminate may cause inaccurate times.
  • Supply counts are checked every 10 seconds.